Cogmind - Beta 14 @@@ ROGUE MODE // 2024.10.21 @ 20:40:28 Player: WazdakkaGutsmek Result: Smashed by cave-in Performance ------------- Evolutions (2) 1000 Regions Visited (7) 1400 Robots Destroyed (74) 370 Value Destroyed (2486) 2486 Prototype IDs (23) 460 Alien Tech Used (0) 0 Bonus (1124) 1124 TOTAL SCORE: 6840 Bonus ------- High Alert Combat Kills 124 Entered Garrisons 200 Used RIF Installer 500 Aligned with FarCom 300 Cogmind --------- Core Integrity 0/550 Matter 300/300 Energy 262/265 System Corruption 0% Temperature Cool (0) Movement Rolling (101) Ox1 Location -8/Storage Parts ------- > --- POWER (1) -------- Improved Ion Engine > --- PROPULSION (4) --- Light Treads Wheel Wheel Compact Wheel > --- UTILITY (4) ------ High-capacity Storage Unit Layered Heavy Armor Plating Relay Coupler [Grunt] (29) > --- WEAPON (2) ------- Powered Hammer > --- INVENTORY (20) --- Neutrino Core Advanced Heat Sink Advanced Cooling System High-capacity Matter Pod (200) Advanced System Shield Gatling Laser Long-range Proton Cannon Latent Energy Streamer Smartbomb Launcher Armageddon Trap Armageddon Trap Armageddon Trap Armageddon Trap Armageddon Trap Peak State ------------ > --- POWER ------------ Improved Ion Engine > --- PROPULSION ------- Light Treads Wheel Wheel Compact Wheel > --- UTILITY ---------- High-capacity Storage Unit Layered Heavy Armor Plating Relay Coupler [Grunt] > --- WEAPON ----------- KE Penetrator Powered Hammer > --- INVENTORY -------- Neutrino Core Advanced Heat Sink Advanced Cooling System High-capacity Matter Pod Advanced System Shield Gatling Laser Long-range Proton Cannon Latent Energy Streamer Smartbomb Launcher Armageddon Trap Armageddon Trap Armageddon Trap Armageddon Trap Armageddon Trap [Rating: 38] Favorites ----------- Power Light Nuclear Core Engine Improved Ion Engine Power Core Light Nuclear Core Propulsion Light Treads Treads Light Treads Leg Aluminum Leg Wheel Wheel Utility High-capacity Storage Unit Device Improved Heat Sink Storage High-capacity Storage Unit Hackware Relay Coupler [Grunt] Protection Light Armor Plating Weapon Assault Rifle Energy Gun Gatling Laser Energy Cannon Long-range Proton Cannon Ballistic Gun Assault Rifle Ballistic Cannon Mass Driver Launcher Grenade Launcher Impact Weapon Powered Hammer Build | -11 -10 -10 -10 -9 -8 -8 -8 ------- Run | Yrd Mat Min Exi Min Mat Gar Sto Slots Evolved 4 | . . . . . 4 . . Power . | . . . . . . . . Propulsion 2 | . . . . . 2 . . Utility 2 | . . . . . 2 . . Weapon . | . . . . . . . . Parts Attached 57 | . 5 3 . . 28 8 13 Power 7 | . . 1 . . 5 . 1 Engine 2 | . . . . . 1 . 1 Core 5 | . . 1 . . 4 . . Reactor . | . . . . . . . . Propulsion 16 | . 2 . . . 9 1 4 Treads 13 | . 2 . . . 9 1 1 Leg . | . . . . . . . . Wheel 3 | . . . . . . . 3 Hover . | . . . . . . . . Flight . | . . . . . . . . Utility 11 | . 3 . . . 4 3 1 Device 2 | . . . . . 1 1 . Storage 4 | . 3 . . . . 1 . Processor . | . . . . . . . . Hackware 1 | . . . . . . 1 . Protection 4 | . . . . . 3 . 1 Artifact . | . . . . . . . . Weapon 23 | . . 2 . . 10 4 7 Energy Gun 6 | . . . . . 4 2 . Energy Cannon 3 | . . . . . . . 3 Ballistic Gun 5 | . . 1 . . 3 . 1 Ballistic Cannon 1 | . . . . . . . 1 Launcher 5 | . . 1 . . 3 1 . Special Weapon . | . . . . . . . . Impact Weapon 3 | . . . . . . 1 2 Slashing Weapon . | . . . . . . . . Piercing Weapon . | . . . . . . . . Special Melee Weapon . | . . . . . . . . Unidentified Prototypes . | . . . . . . . . Parts Lost 22 | . . . . . 12 1 9 Power 3 | . . . . . 2 . 1 Propulsion 9 | . . . . . 5 . 4 Utility 5 | . . . . . 2 1 2 Weapon 5 | . . . . . 3 . 2 Highest Loss Streak 10 | . . . . . 10 1 8 To Critical Strikes . | . . . . . . . . Average Slot Usage (%) 91 | . 90 100 100 100 81 95 88 Engine 5 | . 14 . . . . 9 9 Core 5 | . . 13 14 14 7 . . Treads 26 | . 9 28 28 28 31 36 22 Leg 2 | . 18 . . . . . . Wheel 1 | . . . . . . . 7 Device 5 | . . . . . . 18 10 Storage 17 | . 18 28 28 28 16 9 9 Hackware 1 | . . . . . . 1 9 Protection 2 | . . . . . 7 3 3 Energy Gun 6 | . 14 . . . 1 16 5 Ballistic Gun 10 | . 14 24 14 14 11 . 2 Launcher 2 | . . 3 14 14 2 . . Impact Weapon 1 | . . . . . . 1 4 Peak Build Rating 38 | 6 8 10 11 11 22 32 38 Average Rating 18 | 6 6 9 10 11 17 26 33 On Entrance 13 | 6 6 8 10 11 11 22 32 Naked Turns . | . . . . . . . . Heaviest Build 79 | 13 68 70 70 70 79 60 75 Greatest Support 83 | 20 40 40 40 40 83 80 80 Greatest Overweight (x) 24 | . 1 1 1 1 13 . 24 Average Overweight (x) . | . . 1 1 1 . . 1 Largest Inventory Capacity 20 | 8 20 20 20 20 20 20 20 Average Capacity 19 | 8 14 20 20 20 20 20 20 Most Carried 20 | 6 10 13 14 14 16 20 20 Average Carried 13 | 6 8 12 13 14 12 15 18 Final Capacity 20 | 8 20 20 20 20 20 20 20 Final Carried 20 | 6 10 13 14 14 11 20 15 Class Distribution -------------------- 51% | Mutant 48% | Scavenger-Mutant Dominant Class ---------------- Mutant | -10/Materials Mutant | -10/Mines Mutant | -10/Exiles Mutant | -9/Mines Scavenger-Mutant | -8/Materials Scavenger-Mutant | -8/Garrison Scavenger-Mutant | -8/Storage Resources | -11 -10 -10 -10 -9 -8 -8 -8 ----------- Run | Yrd Mat Min Exi Min Mat Gar Sto Matter Collected 1840 | 209 172 83 . . 870 225 281 Remotely . | . . . . . . . . Salvage Created 2913 | 99 263 102 . . 960 735 754 Parts 140 | 4 23 8 . . 43 34 28 Haulers Intercepted 3 | . 1 . . . 1 . 1 Recyclers Shooed 1 | . . . . . . . 1 Parts Field Recycled . | . . . . . . . . Retrieved Matter . | . . . . . . . . Parts Self-Destructed . | . . . . . . . . Prevented . | . . . . . . . . Kills | -11 -10 -10 -10 -9 -8 -8 -8 ------- Run | Yrd Mat Min Exi Min Mat Gar Sto Combat Hostiles Destroyed 57 | . 4 4 . . 18 18 13 Melee 3 | . . . . . . . 3 Guns 37 | . 4 3 . . 14 11 5 Cannons 3 | . . . . . . . 3 AOE 11 | . . 1 . . 4 6 . Classes Destroyed 11 | 2 3 1 . . 4 . 1 Worker 6 | . . . . . 1 . 5 Builder 2 | . . . . . 1 . 1 Tunneler 1 | 1 . . . . . . . Hauler 3 | . 1 . . . 1 . 1 Recycler 2 | 1 . . . . . . 1 Operator 1 | . . . . . . . 1 Watcher 2 | . 2 . . . . . . Swarmer 13 | . . 2 . . . 8 3 Grunt 30 | . 4 2 . . 10 10 4 Sentry 11 | . . . . . 6 . 5 Hunter 3 | . . . . . 2 . 1 Best Kill Streak 10 | 2 3 2 . . 4 10 9 Combat Bots Only 10 | . 2 2 . . 3 10 8 Max Kills in Single Turn 3 | 1 1 1 . . 1 3 1 Gunslinging . | . . . . . . . . Exploded 2 | . . 1 . . 1 2 . Melee 1 | . . . . . . . 1 Uniques/NPCs Destroyed . | . . . . . . . . Combat | -11 -10 -10 -10 -9 -8 -8 -8 -------- Run | Yrd Mat Min Exi Min Mat Gar Sto Hostile Shots Fired 388 | . 24 33 . . 136 55 140 Missed 98 | . 9 6 . . 34 12 37 Damage Taken 4367 | . 196 315 . . 1604 646 1606 Core 757 | . 90 75 . . 151 48 393 Absorbed by Shields . | . . . . . . . . Ignored by Resistances 90 | . . . . . 90 . . Core Remaining (%) 67 | 100 . . . 34 . . . Volleys Fired 192 | 3 27 11 . . 90 42 19 Largest 2 | 2 2 2 . . 2 2 2 Hottest 161 | 60 60 60 . . 70 160 161 Shots Fired 359 | 6 52 22 . . 162 84 33 Gun 322 | 6 52 19 . . 148 81 16 Cannon 17 | . . . . . . . 17 Launcher 20 | . . 3 . . 14 3 . Special . | . . . . . . . . Kinetic 194 | 3 27 18 . . 132 . 14 Thermal 139 | 3 25 1 . . 16 81 13 Explosive 20 | . . 3 . . 14 3 . Electromagnetic 6 | . . . . . . . 6 Robot Hit Streak 17 | 2 10 5 . . 17 16 6 Robot Miss Streak 9 | 1 4 1 . . 4 9 5 Penetration Max 1 | . . . . . 1 . . Secondary Targets 4 | . . . . . 2 2 . Max Gunslinging Chain 1 | . . . . . 1 1 . Shots Hit Robots 256 | 3 34 13 . . 103 61 42 Core Hits 146 | 3 16 7 . . 47 50 23 Critical Kills 3 | . . . . . 1 . 2 Critical Parts Destroyed 9 | . . . . . 3 . 6 Critical Strikes 14 | . . . . . 4 . 10 Destroy 4 | . . . . . 4 . . Blast 2 | . . . . . . . 2 Smash 8 | . . . . . . . 8 Melee Attacks 35 | . . . . . . 2 33 Impact 35 | . . . . . . 2 33 Slashing . | . . . . . . . . Piercing . | . . . . . . . . Sneak Attacks 7 | . . . . . . . 7 Combat Hostiles . | . . . . . . . . Follow-up Attacks . | . . . . . . . . Damage Inflicted 6455 | 32 404 298 . . 1984 1973 1764 Guns 3946 | 32 404 161 . . 1491 1533 325 Cannons 196 | . . . . . . . 196 Explosions 1070 | . . 137 . . 493 440 . Melee 1226 | . . . . . . . 1226 Ramming 17 | . . . . . . . 17 Kinetic 1977 | . 196 161 . . 1414 . 206 Thermal 2123 | 32 208 . . . 77 1533 273 Explosive 1070 | . . 137 . . 493 440 . Electromagnetic 42 | . . . . . . . 42 Impact 1226 | . . . . . . . 1226 Slashing . | . . . . . . . . Piercing . | . . . . . . . . Highest Corruption . | . . . . . . . . Average Corruption . | . . . . . . . . Corruption Purged . | . . . . . . . . Corruption Blocked . | . . . . . . . . Overload Shots . | . . . . . . . . Overflow Damage 593 | . . . . . 7 70 516 Projectiles . | . . . . . . . . Explosions 77 | . . . . . 7 70 . Melee 516 | . . . . . . . 516 Knockbacks 4 | . . . . . . . 4 Impact 3 | . . . . . . . 3 Kinetic 1 | . . . . . . . 1 Secondary . | . . . . . . . . Self-Inflicted Damage 230 | . . . . . 149 38 43 Shots 11 | . . . . . 9 1 1 Rammed 2 | . . . . . . . 2 Targets Rammed 2 | . . . . . . . 2 Kicked . | . . . . . . . . Crushed . | . . . . . . . . Highest Temperature 664 | . 72 30 . . 219 76 664 Average Temperature 91 | . 33 15 . . 52 19 275 Received Heat Transfer 1905 | . 117 168 . . 738 369 513 Effects 19 | . . . . . . . 19 Shutdowns 3 | . . . . . . . 3 Energy Bleed 2 | . . . . . . . 2 Interference 2 | . . . . . . . 2 Matter Decay 2 | . . . . . . . 2 Short Circuit 2 | . . . . . . . 2 Damage (minor) 2 | . . . . . . . 2 Damage (major) 5 | . . . . . . . 5 Damage (core) 1 | . . . . . . . 1 Siege Activations . | . . . . . . . . Robots Corrupted 3 | . . . . . . . 3 Combat Hostiles 2 | . . . . . . . 2 Parts Fried 3 | . . . . . . . 3 Impact Corruptions 16 | . . . . . . . 16 Robots Melted 3 | . . . . . . 3 . Combat Hostiles 1 | . . . . . . 1 . Parts Melted 16 | . . . . . . 14 2 Heat Transferred 4850 | 75 475 . . . 175 3500 625 Parts Sabotaged . | . . . . . . . . Parts Stolen . | . . . . . . . . Parts Stripped . | . . . . . . . . Power Chain Reactions . | . . . . . . . . Alert | -11 -10 -10 -10 -9 -8 -8 -8 ------- Run | Yrd Mat Min Exi Min Mat Gar Sto Peak Influence 782 | 10 71 77 . . 403 782 400 Initial 380 | . 6 27 . . . 261 380 Average 195 | 6 42 49 . . 159 572 115 Maximum Alert Level 3 | . . . . . 2 3 2 Low Security (%) 62 | 100 100 100 . 100 62 . 63 Level 1 21 | . . . . . 33 31 35 Level 2 8 | . . . . . 4 35 . Level 3 6 | . . . . . . 33 . Level 4 . | . . . . . . . . Level 5 . | . . . . . . . . High Security . | . . . . . . . . Max Security . | . . . . . . . . Squads Dispatched 8 | . . . . . 7 . 1 Investigation 2 | . . . . . 2 . . Extermination . | . . . . . . . . Reinforcement 3 | . . . . . 2 . 1 Assault . | . . . . . . . . Garrison 3 | . . . . . 3 . . Intercept . | . . . . . . . . Searches Triggered . | . . . . . . . . Construction Impeded 2 | . . . . . 1 . 1 Haulers Reinforced . | . . . . . . . . Active Scanning Responses . | . . . . . . . . Cargo Convoy Interrupts . | . . . . . . . . Stealth | -11 -10 -10 -10 -9 -8 -8 -8 --------- Run | Yrd Mat Min Exi Min Mat Gar Sto Distress Signals 7 | . . . . . 3 . 4 Communications Jammed . | . . . . . . . . Distress Signals . | . . . . . . . . Times Spotted 72 | . 6 5 . . 26 18 17 Peak Tracking Total 8 | . 2 3 . . 5 8 8 Tactical Retreats 7 | . . . . . 6 . 1 Traps | -11 -10 -10 -10 -9 -8 -8 -8 ------- Run | Yrd Mat Min Exi Min Mat Gar Sto Traps Triggered 2 | . . . . . 1 1 . Indirectly . | . . . . . . . . Trap Hack Attempts . | . . . . . . . . Triggered . | . . . . . . . . Disarmed . | . . . . . . . . Reprogrammed . | . . . . . . . . Reused . | . . . . . . . . Traps Extracted . | . . . . . . . . Installed . | . . . . . . . . Triggered . | . . . . . . . . Most Traps Carried 6 | . . . . . . 6 5 Machines | -11 -10 -10 -10 -9 -8 -8 -8 ---------- Run | Yrd Mat Min Exi Min Mat Gar Sto Machines Disabled 4 | . . . . . 1 1 2 Max in Single Turn 2 | . . . . . 1 1 2 Garrison Relay 1 | . . . . . . 1 . Machines Repaired . | . . . . . . . . Machines Dismantled . | . . . . . . . . Machines Sabotaged . | . . . . . . . . Overloaded Fab Kills . | . . . . . . . . Hacking | -11 -10 -10 -10 -9 -8 -8 -8 --------- Run | Yrd Mat Min Exi Min Mat Gar Sto Machines Accessed 13 | . 2 . 1 . 4 2 4 Terminals 11 | . 2 . . . 3 2 4 Fabricators . | . . . . . . . . Repair Stations . | . . . . . . . . Recycling Units . | . . . . . . . . Scanalyzers . | . . . . . . . . Garrison Access 1 | . . . . . 1 . . Total Hacks 34 | . 7 . 1 . 11 3 12 Successful 18 | . 3 . 1 . 5 2 7 Failed 16 | . 4 . . . 6 1 5 Catastrophic 2 | . . . . . 1 1 . Database Lockouts . | . . . . . . . . Manual 14 | . 5 . 1 . 5 . 3 Terminals 32 | . 7 . . . 10 3 12 Fabricators . | . . . . . . . . Repair Stations . | . . . . . . . . Recycling Units . | . . . . . . . . Scanalyzers . | . . . . . . . . Garrison Access 1 | . . . . . 1 . . Terminal Hacks 11 | . 1 . 1 . 2 2 5 Robot Analysis 1 | . 1 . . . . . . Branch Access Points 1 | . . . . . . . 1 Emergency Access Points 1 | . . . . . . 1 . Unreport Threat 3 | . . . . . . . 3 Dispatch Records 1 | . . . . . . . 1 Hauler Manifests 1 | . . . . . 1 . . Zone Layout 1 | . . . . . 1 . . Garrison Registry 1 | . . . . . . 1 . Derelict Proto ID Bank 1 | . . . 1 . . . . Fabricator Hacks . | . . . . . . . . Repair Station Hacks . | . . . . . . . . Recycling Unit Hacks . | . . . . . . . . Scanalyzer . | . . . . . . . . Garrison Access Hacks 1 | . . . . . 1 . . Unlock Access 1 | . . . . . 1 . . Unauthorized Hacks 6 | . 2 . . . 2 . 2 Terminals 6 | . 2 . . . 2 . 2 Botnet 3 | . 1 . . . 1 . 1 Operators 1 | . . . . . . . 1 Skim 2 | . 1 . . . 1 . . Fabricators . | . . . . . . . . Repair Stations . | . . . . . . . . Recycling Units . | . . . . . . . . Scanalyzers . | . . . . . . . . Garrison Access . | . . . . . . . . Data Cores Recovered 1 | . . . . . . . 1 Used . | . . . . . . . . Hacking Detections 9 | . 2 . . . 2 2 3 Full Trace Events 2 | . . . . . 1 1 . Feedback Events . | . . . . . . . . Feedback Blocked . | . . . . . . . . Robot Schematics Acquired . | . . . . . . . . Robots Built . | . . . . . . . . Authchips . | . . . . . . . . Time . | . . . . . . . . Total Robot Build Rating . | . . . . . . . . Part Schematics Acquired . | . . . . . . . . Parts Built . | . . . . . . . . Authchips . | . . . . . . . . Time . | . . . . . . . . Total Part Build Rating . | . . . . . . . . Parts Repaired . | . . . . . . . . Time . | . . . . . . . . Parts Recycled . | . . . . . . . . Recycled Matter . | . . . . . . . . Retrieved Matter . | . . . . . . . . Retrieved Components . | . . . . . . . . Parts Scanalyzed . | . . . . . . . . Part Schematics Acquired . | . . . . . . . . Parts Damaged . | . . . . . . . . Bothacking | -11 -10 -10 -10 -9 -8 -8 -8 ------------ Run | Yrd Mat Min Exi Min Mat Gar Sto Used RIF Installer 1 | . . . . . . 1 . Robots Hacked . | . . . . . . . . Non-combat . | . . . . . . . . Combat . | . . . . . . . . Robot Hacks Applied . | . . . . . . . . Relay Couplers Released 4 | . . . . . . 4 . Machine Destruction 4 | . . . . . . 4 . Attached 1 | . . . . . . 1 . Fabnet Peak Effective % . | . . . . . . . . Robots Rewired . | . . . . . . . . Allies Hacked . | . . . . . . . . Hacks Repelled . | . . . . . . . . Allies | -11 -10 -10 -10 -9 -8 -8 -8 -------- Run | Yrd Mat Min Exi Min Mat Gar Sto Total Allies . | . . . . . . . . Largest Group . | . . . . . . . . Highest-Rated Group . | . . . . . . . . Highest-Rated Ally . | . . . . . . . . Total Orders . | . . . . . . . . Ally Attacks . | . . . . . . . . Total Damage . | . . . . . . . . Kills . | . . . . . . . . Allies Corrupted . | . . . . . . . . Allies Melted . | . . . . . . . . Intel | -11 -10 -10 -10 -9 -8 -8 -8 ------- Run | Yrd Mat Min Exi Min Mat Gar Sto Robot Analysis Total 1 | . 1 . . . . . . Derelict Logs Recovered 1 | . . 1 . . . . . Drone Launches . | . . . . . . . . Drone Recoveries . | . . . . . . . . Exploration | -11 -10 -10 -10 -9 -8 -8 -8 ------------- Run | Yrd Mat Min Exi Min Mat Gar Sto Turns Passed 4880 | 26 624 816 493 70 1043 913 895 Spaces Moved 1957 | 15 333 281 206 30 280 453 359 Core 7 | . . . . . 1 . 6 Treads 1534 | . 60 281 206 30 279 453 225 Legs 288 | 15 273 . . . . . . Wheels 128 | . . . . . . . 128 Hover . | . . . . . . . . Flight . | . . . . . . . . Fastest Speed 101 | 120 120 240 240 240 160 160 101 Average Speed 183 | 120 155 240 240 240 185 160 161 Slowest Speed 1250 | 120 240 240 240 240 700 160 1250 Overloaded Moves . | . . . . . . . . Propulsion Burnouts . | . . . . . . . . Robots Hopped . | . . . . . . . . Cave-ins Triggered 1 | . . . . . . . 1 Exploration Rate (%) 36 | 2 41 56 60 13 20 61 37 Regions Visited 7 Branch Regions 4 Pre-discovered Areas . | . . . . . . . . Known Exits Taken 1 | . . . . . 1 . . Unknown Exits Taken 5 | 1 1 1 1 1 . . . Scrap Searched . | . . . . . . . . Spaces Dug 11 | . . . . . 1 . 10 Terrain Destroyed 131 | . . 13 . . 60 7 51 Melee 10 | . . . . . . . 10 Projectile 11 | . . . . . 1 . 10 AOE 110 | . . 13 . . 59 7 31 Terrain Rammed . | . . . . . . . . Walls Destroyed . | . . . . . . . . Machines Disabled . | . . . . . . . . Actions | -11 -10 -10 -10 -9 -8 -8 -8 --------- Run | Yrd Mat Min Exi Min Mat Gar Sto Total 2792 | 17 389 400 206 29 636 540 575 Wait 498 | . 15 104 . . 222 8 149 Move 1949 | 14 332 280 205 29 279 452 358 Hop . | . . . . . . . . Pick Up 33 | . 6 2 1 . 7 17 . Fast Attach 17 | . 3 . . . 9 1 4 Attach 17 | . 2 . . . 9 2 4 Detach . | . . . . . . . . Swap 23 | . . 3 . . 10 5 5 Drop 26 | . 4 . . . 10 11 1 Fire 192 | 3 27 11 . . 90 42 19 Melee 35 | . . . . . . 2 33 Ram . | . . . . . . . . Kick . | . . . . . . . . Crush 2 | . . . . . . . 2 Escape Stasis . | . . . . . . . . Rewire . | . . . . . . . . Trap . | . . . . . . . . Miscellaneous . | . . . . . . . . Route ------- -11/Scrapyard -10/Materials (discovered 2 exits: [*Mat] / [*Min]) -10/Mines (discovered 2 exits: [*Mat] / *Exi) -10/Exiles -9/Mines -8/Materials -8/Garrison (discovered 3 exits: *Sto x3) -8/Storage (discovered 1 exit: Rec) History --------- Turn | Location | Event 1 | -11/Scrapyard | Discovered new exit (range 3) 27 | -11/Scrapyard | Entered Materials 307 | -10/Materials | Build established: Mutant 408 | -10/Materials | Discovered new exit (range 8) 625 | -10/Materials | Discovered new exit (range 8) 651 | -10/Materials | Entered Mines 660 | -10/Mines | Core integrity fell below 50% 673 | -10/Mines | Met a Derelict bent on vengeance 890 | -10/Mines | Learned Materials garrison access intel 1147 | -10/Mines | Received a Rocket Launcher from a helpful Derelict 1260 | -10/Mines | Discovered new exit (range 14) 1381 | -10/Mines | Found a hidden stash of uninstalled traps 1457 | -10/Mines | Deemed a non-threat by the Exiles lab entrance 1457 | -10/Mines | Discovered new exit (range 5) 1467 | -10/Mines | Entered Exiles 1525 | -10/Exiles | Met 8R-AWN 1568 | -10/Exiles | Met EX-HEX 1640 | -10/Exiles | Met EX-BIN 1667 | -10/Exiles | Aligned with FarCom system 1669 | -10/Exiles | Given EX-Vault access code 1724 | -10/Exiles | Opened EX-Vault 1736 | -10/Exiles | Found Latent Energy Streamer 1785 | -10/Exiles | Warned to stay clear of 0b10 Research branches 1850 | -10/Exiles | Met EX-DEC 1932 | -10/Exiles | Discovered new exit (range 14) 1960 | -10/Exiles | Left Exiles lab with Latent Energy Streamer 1960 | -10/Exiles | Entered Mines 2004 | -9/Mines | Discovered new exit (range 14) 2030 | -9/Mines | Entered Materials 2030 | -8/Materials | Evolved 4 slots: Propulsion x2, Utility x2 2031 | -8/Materials | Loaded intel: 1 garrison access location 2662 | -8/Materials | Build established: Scavenger-Mutant 2975 | -8/Materials | Lost 10 parts (2p4n2u2w) 3031 | -8/Materials | Identified exit to Garrison 3073 | -8/Materials | Entered Garrison 3167 | -8/Garrison | Triggered checkpoint 3356 | -8/Garrison | Triggered checkpoint 3363 | -8/Garrison | Triggered checkpoint 3399 | -8/Garrison | Destroyed 10 combat bots 3433 | -8/Garrison | Triggered checkpoint 3593 | -8/Garrison | Discovered new exit (range 10) 3612 | -8/Garrison | Discovered new exit (range 7) 3612 | -8/Garrison | Discovered new exit (range 38) 3612 | -8/Garrison | Discovered new exit (range 74) 3753 | -8/Garrison | Triggered checkpoint 3782 | -8/Garrison | Installed Relay Interface Framework 3806 | -8/Garrison | Garrison Relay disabled 3986 | -8/Garrison | Entered Storage 4102 | -8/Storage | Identified exit to Recycling 4491 | -8/Storage | Core integrity fell below 50% 4542 | -8/Storage | Core integrity fell below 20% 4560 | -8/Storage | Lost 8 parts (1p4n2u1w) 4572 | -8/Storage | Destroyed 8 combat bots 4881 | -8/Storage | Crushed by falling debris 4881 | -8/Storage | Smashed by cave-in Last Messages --------------- 04823_ Destroyed Wheel. 04823_ K-01 Serf system corrupted by crushing effect. 04823_ Wheel fried. 04823_ K-01 Serf destroyed. 04825_ K-01 Serf collects debris. 04826_ Sneak attack on K-01 Serf. 04826_ K-01 Serf suffers critical hit (Smash). 04826_ Destroyed Wheel. 04826_ K-01 Serf system corrupted by crushing effect. 04826_ Med. Matter Pod fried. 04826_ Lgt. Ion Engine fried. 04826_ K-01 Serf destroyed. 04830_ Sneak attack on A-02 Transporter. 04830_ A-02 Transporter destroyed. 04845_ W-25 Informer sends out distress signal. 04881_ The unstable cave ceiling collapses. 04881_ Crushed by falling debris. Map ----- +----------------------------------------------------+ | | | | | | | | | | | | | ????????????????????????????????????? | | ###?????????????????????????????????? | | #?????????????????????????????????? | | #?????????????????????????????????? | | #?????????????????????????????????? | | #?????????????????????????????????? | | #?????????????????????Y???????????? | | #?????????????????????????????????? | | ##????????????????????????????????? | | #????????????????????????????????? | | ##????????????????????????????????? | | ###?????????????????????????????????? | | #??????????????????????????????????? | | ####????????????????????>??????????? | | +???????????????????????????????? | | ####???????????????????????????????? | | #??????????"???????????????????????? | | ##?????????? ???????????????????????? | | #??????????? ???????????###?????????? | | #??????????? ???????????#@#?????????? | | ############+???????????# #?????????? | | ??????????# #?????????? | | ?????######;###???????? | | ########## #??????# Y #???????? | | #????????# w######## """ #???????? | | #????###?# + Y# """ #???????? | | ###### ### # """ " """ ==/#???????? | | # # # """ # =/ #??????? | | # """ #*[# """ # """ =/ ##??????? | | # """ #=*# # "R #???????? | | # """ =#!%# """ # """ #???????? | | # %+%!# """ # #???????? | | # """ #%!+ """ ####+#####???????? | | # """ # ## / #??????????? | | # """ # ## """ ### #??????????? | | # !# ## """ #????????????????? | | ########## ## """ #????????????????? | | ##???????# ## #????????????????? | | ????????? #### ####????????????????? | | ?????????# #??###???????????????????? | | ?????????# ?????????????????????????? | | ?????????# ?????????????????????????? | | ?????????? ?????????????????????????? | | ?????????? ?????????????????????????? | +----------------------------------------------------+ Best States ------------- Heat Dissipation 59 Energy Generation 14 Energy Capacity 265 Matter Stores 300 Matter Capacity 300 Sight Range 16 Terrain Scan Density 10 Armor Coverage 600 Resistance: TH 10 Evasion (%) 55 Recoil Reduction 4 Relay Coupler Types 1 Relay Coupler Value 29 Item Schematics ----------------- None Robot Schematics ------------------ None Fabricated ------------ Nothing Alien Tech Used ----------------- None Achievements -------------- None Challenges ------------ None Game ------ Seed TeslaSpectralActivator Manual? 0 Play Time 00:39:46 Cumulative 53.2 hours Start 2024.10.20 @ 20:01:23 End 2024.10.21 @ 20:40:28 Sessions 5 Manual Loads 0 Difficulty Rogue Special Mode None Game No. 52 Rogue 34 Adventurer 16 Explorer 2 Win Type - Total 1 Types 1/0/0/0/0/0/0/0/0 Lore% 13 Gallery% 41 Achievement% 35 Wizard Run 0 Options --------- Layout 2 ASCII 0 Keyboard 0 Movement Mouse Keybinds 1 Fullscreen 2 Font 24/Terminus Map View 50x44 Zoom Use 0% Tactical HUD 1 Map Filters NONE Filters NONE Steam X RUN: c5d3f96a-4d73-41f5-87ce-ca9beb444da1